 Dungeon Crawl Stone Soup version 0.32-a0-799-g95e1662365 (webtiles) character file.

Game seed: 15552660539698084078

262 ezpacito the Trooper (level 6, -2/48 HPs)
             Began as a Coglin Chaos Knight on Mar 21, 2024.
             Was a Plaything of Xom.
             Slain by Grinder (13 damage)
             ... on level 3 of the Dungeon.
             The game lasted 00:01:58 (1846 turns).

ezpacito the Trooper (Coglin Chaos Knight)          Turns: 1846, Time: 00:01:59

Health: -2/48      AC:  5    Str: 15    XL:     6   Next: 18%
Magic:  7/7        EV: 11    Int: 11    God:    Xom [.....*]
Gold:   227        SH:  0    Dex: 13    Spells: 7/7 levels left

rFire   . . .        a - +0 hand axe (chaos) {Hua}
rCold   . . .        p - +0 spear {Udom}
rNeg    . . .        b - +2 leather armour
rPois   .            (no helmet)
rElec   .            (no cloak)
rCorr   .            (no gloves)
SInv    .            (no boots)
Will    .....        (amulet unavailable)
Stlth   +            (ring unavailable)
HPRegen 0.28/turn    (ring unavailable)
MPRegen 0.10/turn    (no gizmo)

%: no passive effects
@: revved
A: off-hand wielding, slow wielding, warmup strikes, no jewellery
a: Invent Gizmo, Renounce Religion


You were on level 3 of the Dungeon.
You worshipped Xom.
You were Xom's teddy bear.
You visited 1 branch of the dungeon, and saw 3 of its levels.

You collected 227 gold pieces.

Inventory:

Hand Weapons
 a - a +0 hand axe of chaos (weapon) {Hua}
 p - a +0 spear (offhand) {Udom}
Armour
 b - a +2 leather armour (worn)
Talismans
 i - a flux talisman
Scrolls
 c - a scroll of butterflies
 d - a scroll of noise {unknown}
 f - 2 scrolls of amnesia {unknown}
 j - a scroll of teleportation {unknown}
 l - a scroll of immolation {unknown}
 m - 2 scrolls of revelation {unknown}
 o - 3 scrolls of vulnerability {unknown}
 q - a scroll of acquirement {unknown}
Potions
 e - a potion of cancellation
 g - 2 potions of enlightenment
 h - a potion of brilliance {unknown}
 k - a potion of curing {unknown}
 n - a potion of lignification {unknown}
 r - a potion of ambrosia {unknown}
 s - a potion of heal wounds {unknown}
 t - a potion of degeneration {unknown}


   Skills:
 * Level 3.9 Fighting
 * Level 3.8(4.0) Axes
 + Level 1.4(2.7) Polearms
 * Level 2.9 Armour
 * Level 2.1 Dodging
 + Level 1.3 Stealth
 + Level 1.1 Spellcasting


You had 7 spell levels left.
You didn't know any spells.
Your spell library contained the following spells:

 Spells                   Type           Power      Damage    Failure   Level
 Shock                    Conj/Air       0%         1d3       36%         1
 Stone Arrow              Conj/Erth      0%         3d7       75%         3
 Swiftness                Air            0%         N/A       75%         3
 Airstrike                Air            0%         2d(0-16)  98%         4
 Animate Armour           Summ/Erth      0%         N/A       98%         4
 Lehudib's Crystal Spear  Conj/Erth      0%         10d2      100%        8


Dungeon Overview and Level Annotations

Branches:
Dungeon (3/15)

Altars:
Trog

Shops:
D:1 :

Annotations:
D:3 Grinder


Innate Abilities, Weirdness & Mutations

You can wield a second weapon in your off-hand.
It takes a long time for you to wield or remove held weapons.
Your first few attacks do less damage.
You cannot equip rings or amulets.


Message History

Pain shoots through your body!
You take 9 damage, and have 29/48 hp.
Grinder hits you.
You writhe in agony.
You take 7 damage, and have 22/48 hp.
You hit Grinder with your +0 hand axe of chaos.
You burn Grinder.
Grinder is heavily wounded.
You hit Grinder but do no damage. Grinder hits you but does no damage.
You hit Grinder with your +0 hand axe of chaos.
Grinder suddenly stops moving!
Grinder is heavily wounded.
The helpless Grinder fails to defend herself.
You hit Grinder but do no damage.
The helpless Grinder fails to defend herself.
You hit Grinder with your +0 hand axe of chaos.
Grinder is severely wounded.
The helpless Grinder fails to defend herself.
You hit Grinder but do no damage.
Grinder is no longer paralysed.
Grinder gestures at you.
You suddenly lose the ability to move!
Grinder hits you.
You writhe in agony.
You can move again.
You take 7 damage, and have 16/48 hp.
You hit Grinder with your +0 spear.
Grinder is severely wounded.
You hit Grinder with your +0 hand axe of chaos.
Grinder hits you.
You writhe in agony.
* * * LOW HITPOINT WARNING * * *
You take 6 damage, and have 10/48 hp.
You hit Grinder with your +0 spear.
Grinder is almost dead.
You hit Grinder with your +0 hand axe of chaos.
Grinder seems to speed up.
Grinder gestures at you. You resist with significant effort.
You barely miss Grinder with your +0 spear.
Grinder is almost dead.
You hit Grinder but do no damage.
Grinder flies into a frenzy!
Grinder hits you!
You die...

##########.##.######
#. .....### #.##.#
#.# #. ####.# #.##.#
#># #. #. #.#..# #.#
#. #. #.#.## #.# ##
#. #..#.## #.#
#####.###.###.#
#....## ##....#
#@###.# #.###.####
#5# ### ### #.....
#.# #.#.#. #.#
#..... #.# #.#.#.
#.# .##..... #.#
........ #.#
########


You could see the neutral Grinder (fast, strong, frenzied).

Vanquished Creatures
  Sigmund (D:3)
  A bombardier beetle (D:3)
  2 adders (D:2)
  2 dart slugs
  10 ball pythons
  5 bats
  8 endoplasms
  2 giant cockroaches (D:1)
  A goblin (D:1)
  6 hobgoblins
  4 jackals (D:1)
  5 kobolds
  2 quokkas
  5 frilled lizards
  5 rats
59 creatures vanquished.

Notes
Turn   | Place    | Note
-------+----------+-------------------------------------------
     0 | D:1      | ezpacito the Coglin Chaos Knight began the quest for the
                  | Orb.
     0 | D:1      | Reached XP level 1. HP: 18/18 MP: 1/1
   117 | D:1      | Reached skill level 1 in Dodging
   150 | D:1      | Reached XP level 2. HP: 24/24 MP: 2/2
   200 | D:1      | You fall into a shaft and drop 1 floor!
   298 | D:2      | XOM: silly message
   431 | D:2      | Reached XP level 3. HP: 29/29 MP: 3/3
   443 | D:1      | Found Rask's Vocational Training.
   447 | D:1      | XOM: silly message
   605 | D:1      | XOM: 2-stop teleportation journey
  1036 | D:2      | Reached XP level 4. HP: 32/35 MP: 4/4
  1177 | D:2      | Reached skill level 1 in Polearms
  1490 | D:3      | Noticed Sigmund
  1506 | D:3      | Killed Sigmund
  1507 | D:3      | Reached skill level 1 in Stealth
  1507 | D:3      | Reached skill level 1 in Spellcasting
  1507 | D:3      | Reached XP level 5. HP: 13/42 MP: 4/6
  1507 | D:3      | Reached XP level 6. HP: 15/48 MP: 4/7
  1646 | D:3      | Found a bloodstained altar of Trog.
  1694 | D:3      | XOM: silly message
  1780 | D:3      | XOM: god gift: scroll labelled ZICWALLIMIO {god gift}
  1819 | D:3      | Noticed Grinder
  1833 | D:3      | Paralysed by Grinder for 2 turns
  1842 | D:3      | Paralysed by Grinder for 2 turns
  1846 | D:3      | Slain by Grinder

Illustrated notes

Levels and vault maps discovered:
D:1:      tarquinn_simple_flora_water_c, layout_loops_ring,
          nicolae_shop_vocational
D:2:      layout_loops_ring, kennysheep_nub
D:3:      layout_loops_ring, good_gods_temple_1, nemelex_dance_club_becter,
          amcnicky_altar_gilded, serial_co_window_serial,
          co_window_of_opportunity_a, co_window_paths_b, co_window_corner_a,
          co_window_paths_b, co_window_corner_a, co_window_paths_a,
          co_window_paths_b, co_window_unsneaky_path_c, co_window_paths_c,
          co_window_broadway_b, co_window_broadway_b, co_window_2corner,
          co_window_paths_c, co_window_cross_2, co_window_paths_e,
          glass_columns_a, glass_columns_a, chequers_serial_rivers_micro_e,
          uniq_sigmund, uniq_grinder

Skill      XL: |  1  2  3  4 |
---------------+-------------+-----
Dodging        | 1 2 |  2.1
Armour         | 2 |  2.9
Polearms       | 1 |  1.4
Stealth        | 1 |  1.3
Spellcasting   | 1 |  1.1
Fighting       | |  3.9
Axes           | |  3.8

Action                     |  1- 3 |  4- 6 || total
---------------------------+-------+-------++-------
  Melee: Hand axe          |    99 |    34 ||   133
         Dagger            |    93 |       ||    93
         Spear             |       |    41 ||    41
    Use: Potion            |       |     3 ||     3
   Stab: Sleeping          |     2 |     1 ||     3
         Paralysed         |       |     3 ||     3
 Armour: Leather armour    |    60 |    24 ||    84
  Dodge: Dodged            |    50 |    12 ||    62

Table legend: (Time is in decaauts)
 A = Elapsed time spent in this place.
 B = Non-inter-level travel time spent in this place.
 C = Inter-level travel time spent in this place.
 D = Time resting spent in this place.
 E = Time spent auto-exploring this place.
 F = Levels seen in this place.
 G = Mean time per level.
                   A        B        C        D        E       F      G
               +--------+--------+--------+--------+--------+-----+--------+
         Total |   1856 |   1813 |     43 |     30 |   1396 |   3 |  618.7 |
       Dungeon |   1856 |   1813 |     43 |     30 |   1396 |   3 |  618.7 |
               +--------+--------+--------+--------+--------+-----+--------+

Top non-repeatable levels by time:
     D:2: 722 daAuts
     D:1: 722 daAuts
     D:3: 412 daAuts
